 Dungeon Crawl Stone Soup version 0.29-a0-284-gf9362112df (webtiles) character file.

Game seed: 12515265786671015183

7266 snetch the Cleaver (level 10, -5/91 HPs)
             Began as a Minotaur Berserker on Mar 24, 2022.
             Was a High Priest of Trog.
             Slain by a centaur (7 damage)
             ... on level 9 of the Dungeon.
             The game lasted 00:27:53 (7069 turns).

snetch the Cleaver (Minotaur Berserker)             Turns: 7069, Time: 00:27:59

Health: -5/91      AC:  0    Str: 27    XL:     10   Next: 89%
Magic:  9/9        EV: 14    Int:  4    God:    Trog [*****.]
Gold:   418        SH:  0    Dex:  9    Spells: 9/9 levels left

rFire   . . .      SeeInvis .   (weapon currently unavailable)
rCold   . . .      Faith    .   (shield currently unavailable)
rNeg    . . .      Spirit   .   (body armour currently unavailable)
rPois   .          Reflect  .   (helmet currently unavailable)
rElec   .          Harm     .   (cloak currently unavailable)
rCorr   .          Rampage  .   (gloves currently unavailable)
Will    .....                   (boots currently unavailable)
Stlth   +.........              M - amulet of regeneration
HPRegen 1.05/turn               (ring currently unavailable)
MPRegen 0.11/turn               (ring currently unavailable)

@: pig-form (expiring), on berserk cooldown, slowed
A: fast, no casting, small, (horns 2), (retaliatory headbutt)
a: Renounce Religion, Berserk, Trog's Hand, Brothers in Arms


You were on level 9 of the Dungeon.
You worshipped Trog.
Trog was extremely pleased with you.
You were a filthy swine.
You visited 2 branches of the dungeon, and saw 10 of its levels.
You also visited: Sewer.

You collected 418 gold pieces.

Inventory:

Hand Weapons
 a - a +4 war axe (melded)
 b - the +11 short sword "Vaamue" {elec, SInv}
   (You found it on level 2 of the Dungeon)

   It occasionally discharges a powerful burst of electricity upon striking a
   foe.
   SInv:      It lets you see invisible.
 c - a +4 trident
 d - a +2 vorpal flail
 i - a +0 glaive of freezing
 E - a +0 arbalest
 Q - a +3 quarterstaff of chaos
 S - a +3 halberd
Missiles
 j - 6 boomerangs
 o - 6 atropa-tipped darts
 r - a throwing net
 w - 196 stones
 x - 27 poisoned darts (quivered)
 T - a curare-tipped dart
Armour
 l - a +0 plate armour (melded)
 u - a +0 pair of gloves (melded)
 L - the +0 pair of boots "Qityhauf" (melded) {rC++ Str+2 Stlth-}
   (You found it on level 6 of the Dungeon)

   Str:       It affects your strength (+2).
   rC:        It greatly protects you from cold.
   Stlth:     It makes you less stealthy.
 N - a +3 ring mail of poison resistance
 R - a +2 cloak (melded)
Jewellery
 g - a ring of see invisible
 s - a ring of poison resistance (melded)
 J - a +6 ring of dexterity (melded)
 M - an amulet of regeneration (around neck)
Wands
 G - a wand of mindburst (18)
 I - a wand of flame (47)
Scrolls
 e - 4 scrolls of identify {unknown}
 f - 3 scrolls of immolation {unknown}
 k - a scroll of noise {unknown}
 m - 3 scrolls of magic mapping {unknown}
 q - a scroll of amnesia {unknown}
 t - 4 scrolls of teleportation {unknown}
 v - 3 scrolls of fog {unknown}
 y - a scroll of blinking {unknown}
 F - a scroll of holy word {unknown}
 K - a scroll of enchant armour {unknown}
 P - a scroll of enchant weapon {unknown}
Potions
 h - 6 potions of curing
 n - a potion of berserk rage {unknown}
 p - 3 potions of mutation {unknown}
 z - 2 potions of cancellation {unknown}
 A - 2 potions of heal wounds {unknown}
 B - 4 potions of brilliance {unknown}
 C - 2 potions of haste {unknown}
 D - 2 potions of might {unknown}
 H - a potion of flight {unknown}
 O - 2 potions of invisibility {unknown}
 V - a potion of magic {unknown}


   Skills:
 + Level 9.4 Fighting
 + Level 2.9 Short Blades
 + Level 14.0 Axes
 + Level 4.3 Throwing
 + Level 9.6 Armour
 + Level 3.5 Dodging
 + Level 1.1 Stealth


You had 9 spell levels left.
You didn't know any spells.
Your spell library contained the following spells:

 Spells                   Type           Power      Damage    Failure   Level
 Animate Skeleton         Necr           0%         N/A       50%         1
 Apportation              Tloc           0%         N/A       50%         1
 Pain                     Necr           0%         1d4       50%         1
 Summon Small Mammal      Summ           0%         N/A       50%         1
 Sublimation of Blood     Necr           0%         N/A       65%         2
 Wereblood                Tmut           0%         N/A       65%         2
 Call Canine Familiar     Summ           0%         N/A       86%         3
 Summon Guardian Golem    Hex/Summ       0%         N/A       86%         3
 Vampiric Draining        Necr           0%         2d6       86%         3
 Summon Hydra             Summ           0%         N/A       100%        7


Dungeon Overview and Level Annotations

Branches:
Dungeon (9/15)             Temple (1/1) D:4             Orc (0/2) D:9
  Sewer (visited)
   Lair: D:8-11

Altars:
Ashenzari
Cheibriados
Dithmenos
Elyvilon
Fedhas
Gozag
Hepliaklqana
Makhleb
Okawaru
Qazlal
Ru
Sif Muna
Uskayaw
Vehumet
Wu Jian
Xom
Yredelemnul
Zin
The Shining One

Shops:
D:5 :

Annotations:
D:4 shadow behind stone
D:8 elementals behind stone
D:9 Psyche


Innate Abilities, Weirdness & Mutations

You are a filthy swine.
You move quickly.
Your equipment is almost entirely melded.
You are incapable of wielding weapons or throwing items.
You cannot cast spells.
((You have a pair of horns on your head.))
((You reflexively headbutt those who attack you in melee.))


Message History

You blink.
Okay, then.
The centaur shoots an arrow.
The arrow hits you!
You feel a strong urge to attack something.
The centaur shoots an arrow.
The arrow hits you!
You hit the wyvern but do no damage. The wyvern bites you.
You bite the wyvern!
The wyvern is moderately wounded.
The centaur unwields a +0 shortbow.
The centaur completely misses you. The centaur kicks you.
The wyvern misses you.
Unknown command.
You closely miss the centaur. Psyche misses you.
You are no longer berserk.
You are exhausted.
You feel yourself slow down. The centaur barely misses you. x2
The wyvern bites you!
* * * LOW HITPOINT WARNING * * *
The wyvern attacks as you move away! The wyvern misses you.
Found a scroll labelled AXOACEY QUCIARGH.
Found two stone staircases leading down.
Your transformation is almost over.
The centaur hits you!
* * * LOW HITPOINT WARNING * * *
The centaur misses you.
Psyche gestures wildly while chanting.
Psyche flickers and vanishes!
Deactivating autopickup; reactivate with Ctrl-A.
The wyvern misses you. The centaur hits you.
* * * LOW HITPOINT WARNING * * *
The centaur kicks you.
* * * LOW HITPOINT WARNING * * *
Unknown command.
It was a potion of curing.
You feel better. The wyvern closely misses you. The centaur hits you!
* * * LOW HITPOINT WARNING * * *
The centaur misses you. The wyvern bites you!
* * * LOW HITPOINT WARNING * * *
You hear some strange, mumbled words.
The centaur hits you!
You die...

..#.......(#
..........#
..........#
#.>......#
#........#
#........#
#........#
#..<.cl..#
#####h####
#.# #.> #...
..... ..?##.
.... .#
....> #


You could see a wyvern and a centaur.

Vanquished Creatures
  A two-headed ogre (D:9)
  A death yak (D:8)
  Pikel (D:7)
  A kobold demonologist (D:9)
  2 polar bears (D:8)
  Prince Ribbit (D:7)
  Sigmund (D:4)
  A shadow (D:7)
  A yak (D:8)
  A wyvern (D:5)
  Grum (D:8)
  Menkaure (D:6)
  Edmund (D:6)
  A water moccasin (D:6)
  2 ice beasts
  A sky beast (D:6)
  3 orc warriors (D:9)
  5 ogres
  3 black bears
  2 centaurs (D:7)
  4 wolves (D:8)
  3 lemures (D:7)
  3 kobold brigands
  2 bullfrogs (D:9)
  A necrophage (D:7)
  A gnoll sergeant (D:7)
  3 scorpions
  8 wights
  5 killer bees (D:9)
  2 hounds
  Crazy Yiuf (D:6)
  3 jellies (D:7)
  3 orc priests
  A gnoll shaman (D:6)
  2 orc wizards (D:7)
  An iguana (D:5)
  9 gnolls
  5 adders
  10 river rats (Sewer)
  3 white imps
  An ufetubus (D:7)
  A worm (D:2)
  A dart slug (D:1)
  24 orcs
  4 bats
  4 endoplasms
  3 giant cockroaches
  3 goblins
  3 hobgoblins
  2 jackals (D:4)
  5 quokkas
  16 ball pythons
  2 frilled lizards
  29 kobolds
  25 rats
224 creatures vanquished.

Vanquished Creatures (others)
  15 fungi (D:8)
  15 plants (D:8)
30 creatures vanquished.

Grand Total: 254 creatures vanquished

Notes
Turn   | Place    | Note
-------+----------+-------------------------------------------
     0 | D:1      | snetch the Minotaur Berserker began the quest for the Orb.
     0 | D:1      | Reached XP level 1. HP: 19/19 MP: 0/0
    89 | D:1      | Found a faded altar of an unknown god.
   147 | D:1      | Reached skill level 4 in Axes
   147 | D:1      | Reached XP level 2. HP: 8/27 MP: 1/1
   732 | D:2      | Reached ** piety under Trog
  1093 | D:2      | Reached XP level 3. HP: 33/33 MP: 2/2
  1120 | D:2      | You fall into a shaft and drop 1 floor!
  1338 | D:2      | Identified the +11 short sword "Vaamue" {elec, SInv}
  1447 | D:2      | Found a snail-covered altar of Cheibriados.
  1653 | D:4      | Noticed a shadow
  1653 | D:4      | Found a shadowy altar of Dithmenos.
  2410 | D:4      | Found an opulent altar of Gozag.
  2410 | D:4      | Found a snail-covered altar of Cheibriados.
  2410 | D:4      | Found a sacrificial altar of Ru.
  2410 | D:4      | Found a white marble altar of Elyvilon.
  2509 | D:5      | Entered Level 5 of the Dungeon
  2621 | D:5      | Reached XP level 4. HP: 35/41 MP: 3/3
  2666 | D:5      | Noticed an ogre
  2671 | D:5      | Killed an ogre
  2672 | D:5      | Reached skill level 1 in Short Blades
  2672 | D:5      | Reached skill level 5 in Axes
  2672 | D:5      | Reached skill level 1 in Throwing
  2672 | D:5      | Reached XP level 5. HP: 13/47 MP: 4/4
  2797 | D:5      | Found a glowing drain.
  2807 | Sewer    | Entered a sewer
  2953 | Sewer    | Reached XP level 6. HP: 50/53 MP: 5/5
  3028 | Sewer    | Reached *** piety under Trog
  3263 | Sewer    | Reached skill level 6 in Axes
  3456 | D:5      | Noticed a wyvern
  3461 | D:5      | Reached **** piety under Trog
  3465 | D:5      | Killed a wyvern
  3466 | D:5      | Reached skill level 5 in Fighting
  3466 | D:5      | Reached XP level 7. HP: 24/61 MP: 6/6
  3468 | D:5      | Reached skill level 7 in Axes
  3483 | D:4      | Found a staircase to the Ecumenical Temple.
  3551 | Temple   | Entered the Ecumenical Temple
  3705 | D:4      | Noticed Sigmund
  3715 | D:4      | Killed Sigmund
  3986 | D:4      | Found a hazy altar of Hepliaklqana.
  4266 | D:6      | Reached skill level 8 in Axes
  4266 | D:6      | Reached skill level 5 in Armour
  4271 | D:6      | Reached XP level 8. HP: 59/69 MP: 7/7
  4308 | D:6      | Reached skill level 9 in Axes
  4325 | D:6      | Identified the +0 pair of boots "Qityhauf" {rC++ Str+2
                  | Stlth-}
  4587 | D:6      | Noticed Edmund
  4605 | D:6      | Killed Edmund
  4725 | D:5      | Reached skill level 10 in Axes
  4813 | D:5      | Found Jualionn's Book Shop.
  5201 | D:6      | Found a radiant altar of Vehumet.
  5214 | D:6      | Noticed Menkaure
  5219 | D:6      | Killed Menkaure
  5278 | D:6      | Reached XP level 9. HP: 76/78 MP: 8/8
  5495 | D:6      | Reached skill level 1 in Stealth
  5598 | D:6      | Found a runed translucent door.
  5599 | D:6      | Noticed Crazy Yiuf
  5605 | D:6      | Killed Crazy Yiuf
  5788 | D:7      | Reached skill level 11 in Axes
  6082 | D:7      | Found a glowing silver altar of Zin.
  6083 | D:7      | Found a shimmering blue altar of Sif Muna.
  6223 | D:8      | Noticed a death yak
  6225 | D:8      | Noticed a polar bear
  6231 | D:8      | Killed a death yak
  6236 | D:8      | Killed a polar bear
  6237 | D:8      | Reached skill level 12 in Axes
  6275 | D:8      | Noticed a polar bear
  6290 | D:8      | Killed a polar bear
  6398 | D:7      | Noticed Prince Ribbit
  6409 | D:7      | Killed Prince Ribbit
  6410 | D:7      | Reached XP level 10. HP: 82/88 MP: 9/9
  6435 | D:7      | Noticed Pikel
  6448 | D:7      | Killed Pikel
  6865 | D:8      | Noticed Grum
  6867 | D:8      | Reached skill level 13 in Axes
  6869 | D:8      | Reached ***** piety under Trog
  6875 | D:8      | Killed Grum
  6914 | D:9      | Noticed a two-headed ogre
  6931 | D:9      | Killed a two-headed ogre
  6950 | D:9      | Found a staircase to the Orcish Mines.
  6962 | D:9      | Reached skill level 14 in Axes
  7015 | D:8      | Found a stormy altar of Qazlal.
  7052 | D:9      | Noticed Psyche
  7069 | D:9      | HP: 2/91 [wyvern (9)]
  7069 | D:9      | Slain by a centaur

Illustrated notes

Levels and vault maps discovered:
D:1:      dpeg_arrival_solitude, layout_basic,
          shapermc_ecumenical_altar_hornbeckon, minmay_misc_feat_cross,
          minmay_pentomino_s4
D:2:      layout_basic, serial_curves, eino_curves_02, eino_curves_01,
          basic_altar
D:3:      layout_loops_ring, minmay_misc_feat_tiny
D:4:      layout_rooms, riverfiend_overflow_shadow_ancestor,
          grunt_temple_overflow_open, minmay_temple_entry_stoned_glass,
          uniq_sigmund
D:5:      layout_basic, serial_shops, nicolae_shop_behind_doors,
          portal_sewer_entry_e, solitary_fountain
D:6:      layout_basic, mainiacjoe_overflow_surrounded_room,
          roderic_roman_lattice, uniq_crazy_yiuf_cottage, uniq_menkaure,
          uniq_edmund
D:7:      minmay_octagon_keep, layout_basic, nicolae_overflow_hidden_temple,
          chequers_jeans, uniq_pikel, uniq_prince_ribbit1
D:8:      layout_basic, lemuel_zombie_altar_kikubaaqudgha,
          nicolae_qazlal_style_of_elements, grunt_lair_entry_orc_guard_hut,
          serial_ice, serial_ice_a, serial_ice_e, serial_ice_j, serial_ice_g,
          uniq_grum
D:9:      layout_rooms, trog_book, david_orc_2, uniq_maurice, uniq_psyche,
          uniq_erica, uniq_maggie
Temple:   jpeg_temple_island

Skill      XL: |  1  2  3  4  5  6  7  8  9 10 |
---------------+-------------------------------+-----
Axes           | 4 5 6 8 10 12 14 | 14.0
Fighting       | 4 5 6 8 9 |  9.4
Armour         | 3 4 5 6 8 9 |  9.6
Short Blades   | 1 2 |  2.9
Throwing       | 1 3 4 |  4.3
Dodging        | 3 |  3.5
Stealth        | 1 |  1.1

Action                   |  1- 3 |  4- 6 |  7- 9 | 10-12 || total
-------------------------+-------+-------+-------+-------++-------
Melee: Hand axe          |    52 |       |       |       ||    52
       Headbutt          |     7 |     8 |    32 |    14 ||    61
       Punch             |     2 |       |     1 |     3 ||     6
       Short sword       |    35 |    13 |       |       ||    48
       War axe           |       |    62 |   150 |    89 ||   301
       Unarmed           |       |       |       |     5 ||     5
Throw: Stone             |    15 |     3 |    18 |       ||    36
       Dart              |       |       |    22 |     4 ||    26
Invok: Berserk           |     1 |     2 |     3 |     1 ||     7
       Trog's Hand       |       |     1 |     2 |       ||     3
  Use: Potion            |       |       |       |     1 ||     1
Armor: Animal skin       |     2 |       |       |       ||     2
       Chain mail        |    27 |    49 |       |       ||    76
       Plate armour      |       |       |   127 |    67 ||   194
Dodge: Dodged            |    54 |    53 |    72 |    72 ||   251

Table legend: (Time is in decaauts)
 A = Elapsed time spent in this place.
 B = Non-inter-level travel time spent in this place.
 C = Inter-level travel time spent in this place.
 D = Time resting spent in this place.
 E = Time spent auto-exploring this place.
 F = Levels seen in this place.
 G = Mean time per level.
                   A        B        C        D        E       F      G
               +--------+--------+--------+--------+--------+-----+--------+
         Total |   7205 |   6558 |    647 |     36 |   3650 |  11 |  655.0 |
       Dungeon |   6406 |   5763 |    643 |     36 |   3275 |   9 |  711.8 |
        Temple |    170 |    166 |      4 |      0 |      0 |   1 |  170.0 |
         Sewer |    628 |    628 |      0 |      0 |    375 |   1 |  628.0 |
               +--------+--------+--------+--------+--------+-----+--------+

Top non-repeatable levels by time:
     D:1: 1056 daAuts
     D:7: 1011 daAuts
     D:5: 985 daAuts
     D:6: 876 daAuts
     D:3: 770 daAuts
     D:4: 739 daAuts
     D:2: 630 daAuts
   Sewer: 628 daAuts
     D:8: 238 daAuts
  Temple: 170 daAuts
     D:9: 98 daAuts
